[Event "Titled Tuesday Blitz February 22 Early 2022"]
[White "Todorovic, Bojan"]
[Black "Przybylski, Wojciech"]
[WhiteFideId "917087"]
[BlackFideId "1117599"]
[WhiteElo "2266"]
[BlackElo "2133"]
[Result "1-0"]
[Round "06"]
[TimeControl "180+1"]
[Date "2022.02.22"]
[WhiteClock "0:00:09"]
[BlackClock "0:00:09"]

1. Nf3 Nf6 2. c4 c5 3. Nc3 Nc6 4. g3 e6 5. Bg2 Be7 6. O-O O-O 7. d4 cxd4 8. Nxd4 a6 9. e4 Qc7 10. Nc2 b6 11. Be3 Bb7 12. Rc1 d6 13. Qe2 Rac8 14. b3 Nd7 15. f4 Bf6 16. Na4 Rfd8 17. Rfd1 Nc5 18. Nxc5 bxc5 19. e5 dxe5 20. Bxc5 exf4 21. gxf4 Qxf4 22. Bb6 Rxd1+ 23. Rxd1 Be5 24. Bf3 Nd4 25. Nxd4 Bxd4+ 26. Rxd4 Bxf3 27. Rxf4 Bxe2 28. Kf2 Bh5 29. c5 f6 30. Ra4 Be8 31. Rxa6 e5 32. a4 f5 33. b4 f4 34. b5 e4 35. Ra7 Bh5 36. c6 e3+ 37. Bxe3 fxe3+ 38. Kxe3 Bg4 39. Kd4 g5 40. Kc5 h5 41. b6 Bf3 42. c7 g4 43. Kd6 h4 44. b7 Bxb7 45. Rxb7 g3 46. Rb8 gxh2 47. Rxc8+ Kg7 48. Re8 h1=Q 49. c8=Q Qd1+ 50. Ke7 Qe2+ 51. Kd8 Qd2+ 52. Qd7+ Qxd7+ 53. Kxd7 h3 54. Re1 Kg6 55. a5 Kg5 56. a6 h2 57. a7 h1=Q 58. Rxh1 Kg4 59. a8=Q Kg3 60. Qe4 Kf2 61. Rh2+ Kg1 62. Qg2# 1-0


[Site "https://www.chess.com"]

[Event "Titled Tuesday Blitz February 22 Early 2022"]
[White "Tologon tegin, Semetei"]
[Black "Unat, Can Haktan"]
[WhiteFideId "13800574"]
[BlackFideId "6398073"]
[WhiteElo "2258"]
[BlackElo "1980"]
[Result "1-0"]
[Round "06"]
[TimeControl "180+1"]
[Date "2022.02.22"]
[WhiteClock "0:00:22"]
[BlackClock "0:00:09"]

1. e4 c5 2. Nc3 e6 3. g3 d5 4. exd5 exd5 5. Bg2 Nf6 6. Nf3 d4 7. Qe2+ Be7 8. Ne4 O-O 9. O-O Bf5 10. d3 Nc6 11. Bg5 Nxe4 12. dxe4 Bxe4 13. Bxe7 Bxf3 14. Bxf3 Qxe7 15. Qxe7 Nxe7 16. Rfe1 Ng6 17. Bxb7 Rab8 18. Bd5 Rxb2 19. Bb3 Rc8 20. Re4 c4 21. Ba4 Rd8 22. a3 h6 23. Rd1 d3 24. Rxc4 Ne5 25. Rc5 Ng4 26. h3 Nf6 27. Rxd3 Rxd3 28. cxd3 Rd2 29. Bb5 g5 30. Rc7 g4 31. Bc4 gxh3 32. Rxf7 h2+ 33. Kxh2 Ng4+ 34. Kg1 h5 35. Rxa7+ Kh8 36. Rf7 Rd1+ 37. Kg2 Rd2 38. a4 Ne5 39. Rf5 Nc6 40. Rxh5+ Kg7 41. a5 Rd1 42. a6 Ra1 43. Rc5 Nd4 44. Rc7+ Kf6 45. a7 Ke5 46. g4 Kd6 47. Rf7 Nc6 48. g5 Nxa7 49. g6 Ra5 50. g7 Rg5+ 51. Kf3 Nc6 52. Rf6+ Ke5 53. Rxc6 Rxg7 54. Re6+ Kf5 55. Re4 Rc7 56. Be6+ Kf6 57. d4 Kg5 58. d5 Kf6 59. d6 Rc3+ 60. Kf4 Rc6 61. d7 Rd6 62. Bg4 Rd2 63. f3 Rd6 64. Re8 Re6 65. Rxe6+ Kf7 66. d8=Q Kg7 67. Qd7+ Kf8 68. Re8# 1-0


[Site "https://www.chess.com"]

[Event "Titled Tuesday Blitz February 22 Early 2022"]
[White "Toncheva, Nadya"]
[Black "Eynullayev, Atilla"]
[WhiteFideId "2924056"]
[BlackFideId "13413570"]
[WhiteElo "1920"]
[BlackElo "1979"]
[Result "0-1"]
[Round "06"]
[TimeControl "180+1"]
[Date "2022.02.22"]
[WhiteClock "0:00:20"]
[BlackClock "0:00:35"]

1. e4 c5 2. Nf3 e6 3. d4 cxd4 4. Nxd4 Nc6 5. Nc3 a6 6. Nxc6 bxc6 7. f4 d5 8. Bd3 Nf6 9. O-O Bc5+ 10. Kh1 O-O 11. Qf3 Ne8 12. Be3 Bxe3 13. exd5 Bb6 14. dxc6 g6 15. Rad1 Qe7 16. Rfe1 Ba5 17. Nd5 Qc5 18. b4 Bxb4 19. Nxb4 Qxb4 20. Rb1 Qc5 21. Re5 Qd6 22. Qh3 Nf6 23. Qh6 Ng4 24. Qg5 Nxe5 25. fxe5 Qxc6 26. Rb4 Qc3 27. Re4 Qa1+ 0-1


[Site "https://www.chess.com"]

[Event "Titled Tuesday Blitz February 22 Early 2022"]
[White "Tsvetkov, Andrey"]
[Black "Pajeken, Jakob Leon"]
[WhiteFideId "34139360"]
[BlackFideId "12942839"]
[WhiteElo "2280"]
[BlackElo "2351"]
[Result "0-1"]
[Round "06"]
[TimeControl "180+1"]
[Date "2022.02.22"]
[WhiteClock "0:00:22"]
[BlackClock "0:01:47"]

1. d4 d5 2. c4 dxc4 3. Nf3 Nf6 4. e3 e6 5. Bxc4 c5 6. O-O Nc6 7. Nc3 a6 8. dxc5 Qxd1 9. Rxd1 Bxc5 10. a3 b5 11. Bd3 Bb7 12. Ne4 Be7 13. Nxf6+ Bxf6 14. Be4 Na5 15. Bxb7 Nxb7 16. e4 Rd8 17. Rxd8+ Bxd8 18. Be3 Ke7 19. Rd1 Bc7 20. Nd4 Na5 21. Bg5+ f6 22. Bd2 Nc4 23. Bb4+ Bd6 24. Nc6+ Kd7 25. Na5 Kc7 26. Bc3 Be5 27. Nxc4 Bxc3 28. bxc3 bxc4 29. Rd4 Rd8 30. Rxc4+ Kb6 31. Rd4 Rxd4 32. cxd4 Kb5 33. f4 Kc4 34. f5 exf5 35. d5 Kc5 36. exf5 Kxd5 37. Kf2 Ke4 38. g4 Kf4 39. h3 h5 40. gxh5 Kxf5 41. Ke3 Kg5 42. Kd4 Kxh5 43. Kc5 f5 44. Kb6 f4 45. Kxa6 f3 46. Kb6 f2 47. a4 f1=Q 48. a5 Qf8 49. a6 Qa8 50. a7 Kh4 51. Ka6 Kxh3 52. Kb6 g5 53. Ka6 g4 54. Kb6 g3 55. Ka6 g2 56. Ka5 g1=Q 57. Ka6 Qgxa7+ 58. Kb5 Q8b7+ 59. Kc4 Qab8 60. Kd3 Qe7 61. Kc2 Qec7+ 62. Kd2 Qbd8+ 63. Ke2 Qce7+ 64. Kf1 Qdf8+ 65. Kg1 Qeg7+ 66. Kh1 Qf1# 0-1


[Site "https://www.chess.com"]

[Event "Titled Tuesday Blitz February 22 Early 2022"]
[White "Tuleyeva-Aketayeva, Dana"]
[Black "Ashiev, Eduard"]
[WhiteFideId "13701932"]
[BlackFideId "4130090"]
[WhiteElo "1944"]
[BlackElo "2004"]
[Result "0-1"]
[Round "06"]
[TimeControl "180+1"]
[Date "2022.02.22"]
[WhiteClock "0:00:02"]
[BlackClock "0:00:11"]

1. d4 d6 2. Nf3 Bg4 3. g3 Nd7 4. Bg2 c6 5. O-O e5 6. c3 Be7 7. Nbd2 Ngf6 8. h3 Bh5 9. Ne1 Bg6 10. Qb3 Rb8 11. d5 cxd5 12. Bxd5 Nxd5 13. Qxd5 O-O 14. e4 Nb6 15. Qb5 d5 16. a4 dxe4 17. Qxe5 Bd6 18. Qd4 Re8 19. Ng2 Qc7 20. a5 Nd7 21. Qxa7 Bc5 22. Qxb8 Qxb8 23. b4 Ba7 24. b5 Bc5 25. Nb3 h5 26. Nxc5 Nxc5 27. Bf4 Qc8 28. Ne3 Nd3 29. c4 Nxf4 30. gxf4 Qxh3 31. a6 bxa6 32. bxa6 Bf5 33. a7 Bg4 34. Nxg4 Qxg4+ 35. Kh2 Qxf4+ 36. Kg2 Qf3+ 37. Kg1 e3 38. a8=Q Rxa8 39. fxe3 Qg3+ 40. Kh1 Rxa1 41. Rxa1 Qf3+ 42. Kg1 Qxe3+ 43. Kh1 Qe4+ 44. Kh2 Qe5+ 0-1


[Site "https://www.chess.com"]

[Event "Titled Tuesday Blitz February 22 Early 2022"]
[White "Urazayev, Arystanbek"]
[Black "Goltseva, Ekaterina"]
[WhiteFideId "13709810"]
[BlackFideId "24173770"]
[WhiteElo "2321"]
[BlackElo "2140"]
[Result "1-0"]
[Round "06"]
[TimeControl "180+1"]
[Date "2022.02.22"]
[WhiteClock "0:01:26"]
[BlackClock "0:00:01"]

1. e4 e5 2. Nf3 Nc6 3. Bb5 a6 4. Ba4 Nf6 5. d3 d6 6. c4 g6 7. Nc3 Bg7 8. Nd5 h6 9. Nb4 Bd7 10. Nxc6 bxc6 11. c5 Qe7 12. O-O O-O 13. h3 d5 14. Re1 dxe4 15. dxe4 Qxc5 16. Be3 Qb4 17. Bb3 Rad8 18. Qc1 Nxe4 19. Bxh6 Nc5 20. Bxg7 Kxg7 21. Nxe5 Nxb3 22. axb3 Qxb3 23. Rxa6 Rfe8 24. Ra3 Qd5 25. Rd3 Qe6 26. Rde3 Qf5 27. Rf3 Rxe5 28. Rxf5 Rxf5 29. Qc3+ Kg8 30. Re5 Rxe5 31. Qxe5 Be6 32. Qxc7 Rd1+ 33. Kh2 Bd5 34. f3 Rd2 35. Qb8+ Kh7 36. Kg3 Rc2 37. h4 Rd2 38. Kh3 Rc2 39. b4 Rb2 40. Qd6 Rb3 41. Kg4 Rb2 42. g3 Rb3 43. f4 Be6+ 44. Kg5 Rxg3+ 45. Kf6 Rg4 46. Ke7 Rxh4 47. Kf8 Kh6 48. Qe5 Rg4 49. Qh8# 1-0


[Site "https://www.chess.com"]

[Event "Titled Tuesday Blitz February 22 Early 2022"]
[White "Vakhlamov, Igor L."]
[Black "Sahil, Tickoo"]
[WhiteFideId "24126748"]
[BlackFideId "5019710"]
[WhiteElo "2401"]
[BlackElo "2099"]
[Result "0-1"]
[Round "06"]
[TimeControl "180+1"]
[Date "2022.02.22"]
[WhiteClock "0:00:23"]
[BlackClock "0:00:10"]

1. e4 c5 2. Nf3 d6 3. Nc3 Nf6 4. d4 cxd4 5. Qxd4 Nc6 6. Bb5 Bd7 7. Bxc6 Bxc6 8. Bg5 e6 9. O-O-O Be7 10. Rhe1 Rc8 11. e5 dxe5 12. Qh4 Qc7 13. Nxe5 b5 14. Kb1 b4 15. Nxc6 bxc3 16. Bxf6 Bxf6 17. Qh5 Qxc6 18. Rd3 O-O 19. Rh3 h6 20. b3 Qc5 21. Qd1 Bg5 22. Ka1 Qa3 23. Qb1 Rfd8 24. f4 Bf6 25. g4 Rd2 26. g5 Qb2+ 27. Qxb2 cxb2+ 28. Kb1 Rdxc2 29. gxf6 Rc1+ 30. Kxb2 Rxe1 31. fxg7 Kxg7 32. Rg3+ Kf6 33. Rh3 Re2+ 34. Ka3 Rc6 35. Rxh6+ Kf5 36. Rh7 Ra6+ 37. Kb4 f6 38. a4 Re4+ 39. Kc5 Kxf4 40. Rh6 f5 41. b4 Ke5 42. a5 Re1 43. Rh7 Rd6 44. Rxa7 Rc1+ 45. Kb5 f4 46. Rf7 Rf1 47. a6 Rd5+ 48. Kb6 Rb1 49. a7 Rxb4+ 50. Kc6 Ra4 51. Kb6 Rda5 52. h4 Rxa7 53. Rf8 R7a6+ 54. Kb5 R6a5+ 55. Kb6 Ra6+ 56. Kb5 Ke4 57. h5 e5 58. h6 R4a5+ 59. Kb4 Rxh6 60. Kxa5 f3 61. Kb4 Ke3 62. Kc3 e4 63. Kc2 Rd6 64. Rf6 Rxf6 65. Kc3 Rc6+ 66. Kb4 Rc8 67. Kb5 f2 68. Kb6 f1=Q 69. Kb7 Rc2 70. Kb6 Qb1+ 71. Ka5 Ra2# 0-1


[Site "https://www.chess.com"]

[Event "Titled Tuesday Blitz February 22 Early 2022"]
[White "Van Foreest, Jorden"]
[Black "Erdogdu, Mert"]
[WhiteFideId "1039784"]
[BlackFideId "6301495"]
[WhiteElo "2609"]
[BlackElo "2485"]
[Result "1-0"]
[Round "06"]
[TimeControl "180+1"]
[Date "2022.02.22"]
[WhiteClock "0:01:42"]
[BlackClock "0:00:07"]

1. e4 c5 2. Nf3 d6 3. d4 cxd4 4. Nxd4 Nf6 5. Bd3 g6 6. O-O Bg7 7. c4 O-O 8. Nc3 Nc6 9. Nde2 Ne5 10. b3 Nxd3 11. Qxd3 b6 12. Bb2 Bb7 13. h3 Nxe4 14. Qc2 Nxc3 15. Bxc3 Bxc3 16. Nxc3 Rc8 17. Rad1 Qc7 18. Rfe1 Rfe8 19. Re3 a6 20. Qe2 Bc6 21. a4 Qb7 22. Nd5 Bxd5 23. Rxd5 Kf8 24. h4 h5 25. Qb2 Kg8 26. Rxh5 e5 27. Rg5 Qe7 28. Qd2 b5 29. axb5 axb5 30. cxb5 Rc5 31. Reg3 e4 32. Rxc5 dxc5 33. h5 Kg7 34. hxg6 fxg6 35. Rh3 g5 36. b6 Qe5 37. b7 Kg6 38. Qd7 Qa1+ 39. Kh2 Qe5+ 40. g3 Rh8 41. Rxh8 Qxh8+ 42. Kg2 Qf6 43. Qe8+ Kh6 44. b8=Q Qf3+ 45. Kg1 Qd1+ 46. Kh2 1-0


[Site "https://www.chess.com"]

[Event "Titled Tuesday Blitz February 22 Early 2022"]
[White "Van den Dikkenberg, Erik"]
[Black "Danaci, Ege"]
[WhiteFideId "1005880"]
[BlackFideId "34506748"]
[WhiteElo "2118"]
[BlackElo "1799"]
[Result "0-1"]
[Round "06"]
[TimeControl "180+1"]
[Date "2022.02.22"]
[WhiteClock "0:00:38"]
[BlackClock "0:00:21"]

1. e4 c6 2. d4 d5 3. exd5 cxd5 4. Bd3 Nc6 5. c3 Nf6 6. Bf4 g6 7. Nd2 Bf5 8. Bxf5 gxf5 9. Ngf3 e6 10. O-O Be7 11. Ne5 Nxe5 12. Bxe5 Rg8 13. Bxf6 Bxf6 14. Nf3 Qc7 15. Kh1 Ke7 16. a4 h5 17. Re1 h4 18. h3 Qf4 19. Qb3 b6 20. Qxd5 Rad8 21. Qc6 Rc8 22. Qb5 Rxg2 23. Qb4+ Kd7 24. Qb5+ Kc7 25. Qc4+ Kb7 26. Qxc8+ Kxc8 27. Kxg2 Qd6 28. Ne5 Qd5+ 29. f3 Qb3 30. Re2 Bxe5 31. dxe5 Qc4 32. Rae1 Qf4 33. Kf2 Qg3+ 34. Ke3 Qxh3 35. Kd4 Qxf3 36. Re3 Qd5# 0-1


[Site "https://www.chess.com"]

[Event "Titled Tuesday Blitz February 22 Early 2022"]
[White "Vidit, Santosh Gujrathi"]
[Black "Lodici, Lorenzo"]
[WhiteFideId "5029465"]
[BlackFideId "884189"]
[WhiteElo "2654"]
[BlackElo "2265"]
[Result "1-0"]
[Round "06"]
[TimeControl "180+1"]
[Date "2022.02.22"]
[WhiteClock "0:01:52"]
[BlackClock "0:00:57"]

1. d4 Nf6 2. c4 c5 3. d5 e6 4. Nc3 exd5 5. cxd5 d6 6. e4 g6 7. Be3 Bg7 8. h3 Na6 9. Nf3 Nc7 10. a4 O-O 11. Bd3 b6 12. O-O a6 13. Qd2 Re8 14. Rfe1 Bb7 15. Bh6 Bh8 16. Rab1 b5 17. axb5 axb5 18. b4 Nd7 19. Nxb5 Nxb5 20. Bxb5 cxb4 21. Qxb4 Qe7 22. Bxd7 1-0


[Site "https://www.chess.com"]

[Event "Titled Tuesday Blitz February 22 Early 2022"]
[White "Vine, Elzbieta"]
[Black "Xu, Yuanyuan"]
[WhiteFideId "1119320"]
[BlackFideId "8601089"]
[WhiteElo "1890"]
[BlackElo "2281"]
[Result "0-1"]
[Round "06"]
[TimeControl "180+1"]
[Date "2022.02.22"]
[WhiteClock "0:00:03"]
[BlackClock "0:01:18"]

1. e4 c6 2. d4 d5 3. e5 Bf5 4. Bd3 Bxd3 5. Qxd3 e6 6. Nf3 Qb6 7. Nc3 c5 8. Be3 Nc6 9. dxc5 Bxc5 10. Bxc5 Qxc5 11. O-O Nge7 12. Rae1 O-O 13. Ng5 Ng6 14. h4 Nb4 15. Qe2 h6 16. a3 Nc6 17. Nf3 Rac8 18. h5 Nf4 19. Qd2 Nxh5 20. Nh4 Qd4 21. Qc1 Qxh4 22. Ne2 Nxe5 23. f4 Nd3 0-1


[Site "https://www.chess.com"]

[Event "Titled Tuesday Blitz February 22 Early 2022"]
[White "Vlassov, Nikolai"]
[Black "Indjic, Aleksandar"]
[WhiteFideId "4103360"]
[BlackFideId "911925"]
[WhiteElo "2407"]
[BlackElo "2616"]
[Result "0-1"]
[Round "06"]
[TimeControl "180+1"]
[Date "2022.02.22"]
[WhiteClock "0:00:04"]
[BlackClock "0:00:12"]

1. e4 c6 2. d4 d5 3. e5 c5 4. dxc5 e6 5. Nf3 Bxc5 6. Bd3 Ne7 7. O-O Ng6 8. c3 Nc6 9. Qe2 f6 10. b4 Bb6 11. Bxg6+ hxg6 12. b5 Nxe5 13. Nxe5 fxe5 14. Qg4 Qf6 15. Be3 d4 16. Bg5 Qf5 17. Qg3 Bd7 18. a4 O-O 19. h4 Rac8 20. Ra3 Bc7 21. cxd4 exd4 22. Qb3 Kh8 23. Nd2 Bd6 24. Ra2 Rc3 25. Qb1 d3 26. f3 Qe5 27. Ne4 Rfc8 28. Rd2 Rc2 29. Rfd1 Qh2+ 30. Kf2 Bc7 31. Ke3 Bb6+ 32. Kxd3 R2c4 33. Be3 e5 34. Bxb6 axb6 35. Ke3 Bf5 36. Qb2 Bxe4 37. fxe4 Qg3+ 38. Ke2 Qxg2+ 39. Ke1 Qh1+ 40. Ke2 Rxe4+ 41. Kd3 Qf3# 0-1


[Site "https://www.chess.com"]

[Event "Titled Tuesday Blitz February 22 Early 2022"]
[White "Volkov, Maksim"]
[Black "Richter, Nils"]
[WhiteFideId "54123070"]
[BlackFideId "12990809"]
[WhiteElo "2081"]
[BlackElo "2289"]
[Result "1-0"]
[Round "06"]
[TimeControl "180+1"]
[Date "2022.02.22"]
[WhiteClock "0:00:23"]
[BlackClock "0:00:17"]

1. d4 Nf6 2. c4 b6 3. Nc3 Bb7 4. d5 e6 5. e4 exd5 6. cxd5 Bb4 7. Bd3 O-O 8. Ne2 Re8 9. O-O Na6 10. f3 Nc5 11. Bc2 Ba6 12. Re1 Bxe2 13. Rxe2 Bxc3 14. bxc3 d6 15. Bg5 h6 16. Bh4 g5 17. Bf2 Nh5 18. Qd4 Qf6 19. Qc4 Nf4 20. Ree1 h5 21. Bd4 Qh6 22. e5 Re7 23. exd6 Rxe1+ 24. Rxe1 cxd6 25. Qb5 Rf8 26. c4 h4 27. h3 Ncd3 28. Re3 g4 29. fxg4 Ne5 30. Re1 Rc8 31. Bb1 Nxg2 32. Kxg2 Qd2+ 33. Bf2 Qc3 34. Qb3 Rxc4 35. Qxc3 Rxc3 36. Bxh4 Kg7 37. Bg3 Nc4 38. Bf2 Nd2 39. Bd4+ 1-0


[Site "https://www.chess.com"]

[Event "Titled Tuesday Blitz February 22 Early 2022"]
[White "Warchol, Kamil"]
[Black "Kozin, Yuri"]
[WhiteFideId "21858241"]
[BlackFideId "4129920"]
[WhiteElo "1905"]
[BlackElo "2559"]
[Result "1/2-1/2"]
[Round "06"]
[TimeControl "180+1"]
[Date "2022.02.22"]
[WhiteClock "0:00:18"]
[BlackClock "0:00:13"]

1. e4 c5 2. Nf3 e6 3. d4 cxd4 4. Nxd4 a6 5. c4 Qc7 6. Nc3 Nf6 7. Be2 Bb4 8. f3 Nc6 9. Nc2 Be7 10. Be3 Ne5 11. Qd4 O-O 12. O-O d6 13. Rad1 Bd7 14. Kh1 Rac8 15. Na3 Rfd8 16. Rc1 Qb8 17. Rfd1 Bc6 18. Nc2 b5 19. Nb4 bxc4 20. Nxc6 Rxc6 21. Rc2 Rdc8 22. Rcd2 Ned7 23. Rc2 Rb6 24. Qd2 Rbc6 25. f4 Nc5 26. Bf3 Nd3 27. e5 dxe5 28. fxe5 Qxe5 29. Bxc6 Rxc6 30. Bg1 h5 31. Qe2 Qf4 32. Rf1 Qh4 33. g3 Qg5 34. Ne4 Qg6 35. Nxf6+ Bxf6 36. b3 Ne5 37. bxc4 h4 38. Bf2 h3 39. Bd4 Ng4 40. Bxf6 Nxf6 41. c5 Nd5 42. Rc4 1/2-1/2


[Site "https://www.chess.com"]

[Event "Titled Tuesday Blitz February 22 Early 2022"]
[White "Weetik, Vjacheslav"]
[Black "Do Nascimento,Christian Almeida"]
[WhiteFideId "4153472"]
[BlackFideId "2143801"]
[WhiteElo "2469"]
[BlackElo "2108"]
[Result "1-0"]
[Round "06"]
[TimeControl "180+1"]
[Date "2022.02.22"]
[WhiteClock "0:00:06"]
[BlackClock "0:00:03"]

1. e4 c5 2. Nf3 d6 3. d4 cxd4 4. Nxd4 Nf6 5. Nc3 g6 6. Be2 Bg7 7. O-O O-O 8. Re1 Nc6 9. Nb3 Be6 10. Bg5 Rc8 11. Bf1 Ne5 12. Nd5 Bxd5 13. exd5 Nc4 14. Rb1 Re8 15. c3 a6 16. g3 Qb6 17. Bg2 h6 18. Bf4 g5 19. Bc1 Ne5 20. Nd4 Rxc3 21. Nf5 Rc7 22. Be3 Qa5 23. Bd4 Qxa2 24. Ra1 Qc4 25. Ra4 Qc2 26. Qa1 Nd3 27. Rf1 Rc4 28. Rxc4 Qxc4 29. Bc3 Nc5 30. Re1 b5 31. Nxe7+ Kf8 32. Nf5 Nfe4 33. Bxg7+ Kg8 34. Bxh6 Qc2 35. Rf1 Nd2 36. b4 Re5 37. bxc5 Nxf1 38. Bxf1 Qxc5 39. g4 Qxd5 40. h3 Qd2 41. Ng3 Qf4 42. Nf5 Qd2 43. Qxa6 Kh7 44. Qb7 Rxf5 45. gxf5 Kxh6 46. Qxf7 Qf4 47. Qg6# 1-0


[Site "https://www.chess.com"]

[Event "Titled Tuesday Blitz February 22 Early 2022"]
[White "Winkels, Marcel"]
[Black "Escudero Donoso, Felipe"]
[WhiteFideId "1003887"]
[BlackFideId "3410595"]
[WhiteElo "1900"]
[BlackElo "2184"]
[Result "0-1"]
[Round "06"]
[TimeControl "180+1"]
[Date "2022.02.22"]
[WhiteClock "0:00:01"]
[BlackClock "0:00:55"]

1. e4 c5 2. b3 d5 3. exd5 Qxd5 4. Nc3 Qd8 5. Bb2 Nc6 6. Bb5 Bd7 7. Nf3 Nf6 8. Qe2 e6 9. O-O-O Be7 10. d4 cxd4 11. Nxd4 Qc7 12. Rhe1 O-O 13. Bxc6 Bxc6 14. g4 Qf4+ 15. Kb1 Rad8 16. Nxc6 bxc6 17. f3 Nd5 18. Ne4 f6 19. Nd2 Bb4 20. Qxe6+ Kh8 21. Re2 Nc3+ 22. Bxc3 Bxc3 23. Qc4 Qxc4 24. bxc4 Rb8+ 25. Nb3 a5 26. Rd3 Be5 27. Kc1 a4 28. Nd4 Bf4+ 29. Red2 Bxd2+ 0-1


[Site "https://www.chess.com"]

[Event "Titled Tuesday Blitz February 22 Early 2022"]
[White "Yang, Kaiqi"]
[Black "Garv Gaur"]
[WhiteFideId "8604398"]
[BlackFideId "45030839"]
[WhiteElo "2373"]
[BlackElo "1950"]
[Result "0-1"]
[Round "06"]
[TimeControl "180+1"]
[Date "2022.02.22"]
[WhiteClock "0:00:05"]
[BlackClock "0:00:08"]

1. c4 e6 2. g3 d5 3. Bg2 Nf6 4. d4 Bb4+ 5. Bd2 Be7 6. Qc2 O-O 7. Nf3 c6 8. O-O Nbd7 9. a4 Ne4 10. a5 f5 11. Rd1 Bd6 12. Nc3 Ndf6 13. Ne5 Qc7 14. a6 Nxd2 15. Rxd2 Bxe5 16. dxe5 Qxe5 17. axb7 Bxb7 18. Na4 Ne4 19. Bxe4 fxe4 20. e3 Bc8 21. Nc5 Qc7 22. Qc3 a5 23. b3 Rf6 24. Rda2 Qf7 25. Rxa5 Rxa5 26. Qxa5 Rxf2 27. Qd8+ Qf8 28. Qc7 Rf7 29. Qb6 h6 30. Qxc6 Kh7 31. b4 Qe7 32. Qxc8 Qf6 33. Qxe6 Qxa1+ 0-1


[Site "https://www.chess.com"]

[Event "Titled Tuesday Blitz February 22 Early 2022"]
[White "Yeletsky, Ivan"]
[Black "Borisova, Ekaterina"]
[WhiteFideId "24180327"]
[BlackFideId "34124184"]
[WhiteElo "2348"]
[BlackElo "2034"]
[Result "1-0"]
[Round "06"]
[TimeControl "180+1"]
[Date "2022.02.22"]
[WhiteClock "0:00:11"]
[BlackClock "0:00:05"]

1. e4 c6 2. Nc3 d5 3. Qf3 dxe4 4. Nxe4 Nf6 5. Nxf6+ exf6 6. Bc4 Bd6 7. Ne2 O-O 8. O-O Nd7 9. d4 c5 10. Bf4 Bxf4 11. Qxf4 cxd4 12. Qxd4 Ne5 13. Bb3 Bg4 14. f3 Bf5 15. Rfd1 Qc7 16. Qd6 Rac8 17. Qxc7 Rxc7 18. Nd4 Bd7 19. c3 g6 20. Nc2 Kg7 21. Ne3 Bc6 22. Rd4 Re8 23. Kf2 Nd7 24. Rad1 Nc5 25. Bd5 f5 26. Bxc6 Rxc6 27. Nd5 Ne6 28. R4d2 Rd8 29. Ne7 Rxd2+ 30. Rxd2 Rc7 31. Nd5 Rd7 32. Ke3 f4+ 33. Nxf4 Re7 34. Nxe6+ Rxe6+ 35. Kf2 Kf6 36. Rd7 Rb6 37. b3 Ra6 38. a4 Rc6 39. Rd3 a5 40. Ke3 Rb6 41. c4 Ke6 42. Kd4 Rd6+ 43. Kc3 Rxd3+ 44. Kxd3 Ke5 45. g3 g5 46. Kc3 f5 47. c5 Kd5 48. b4 h5 49. f4 gxf4 50. gxf4 h4 51. h3 Ke4 52. c6 axb4+ 53. Kb3 bxc6 54. a5 Kxf4 55. a6 Kg3 56. a7 f4 57. a8=Q f3 58. Qxc6 f2 59. Qh1 Kf4 60. Qg2 Ke3 61. Qf1 Kf3 62. Kxb4 Kg3 63. Kc3 Kf3 64. Kd3 1-0


[Site "https://www.chess.com"]

[Event "Titled Tuesday Blitz February 22 Early 2022"]
[White "Zavivaeva, Emilia"]
[Black "Golubenko, Valentina"]
[WhiteFideId "34127531"]
[BlackFideId "4501993"]
[WhiteElo "1685"]
[BlackElo "2164"]
[Result "1-0"]
[Round "06"]
[TimeControl "180+1"]
[Date "2022.02.22"]
[WhiteClock "0:01:31"]
[BlackClock "0:00:48"]

1. e4 e6 2. d4 d5 3. Nc3 Nf6 4. Bg5 Be7 5. e5 Nfd7 6. Bxe7 Qxe7 7. f4 O-O 8. Nf3 a6 9. Bd3 c5 10. Bxh7+ Kh8 11. Ng5 g6 12. Qg4 Kg7 13. h4 cxd4 14. Ne2 f5 15. Qg3 Nc6 16. h5 Nc5 17. hxg6 Ne4 18. Qh4 1-0


[Site "https://www.chess.com"]

[Event "Titled Tuesday Blitz February 22 Early 2022"]
[White "Zheenbekov, Nurgazy"]
[Black "Lopez Mulet, Inigo"]
[WhiteFideId "13800485"]
[BlackFideId "22235620"]
[WhiteElo "1959"]
[BlackElo "2315"]
[Result "1-0"]
[Round "06"]
[TimeControl "180+1"]
[Date "2022.02.22"]
[WhiteClock "0:01:10"]
[BlackClock "0:00:04"]

1. e4 e6 2. d4 b6 3. Nf3 Bb7 4. Nc3 Ne7 5. Bd3 d5 6. e5 c5 7. Nb5 Nec6 8. c3 a6 9. Na3 c4 10. Bb1 Bxa3 11. bxa3 b5 12. O-O Nd7 13. Ng5 h6 14. Qh5 Qe7 15. Nxf7 Qxf7 16. Bg6 Nd8 17. Bxf7+ Nxf7 18. Qg6 Rf8 19. Qxe6+ Kd8 20. a4 Kc7 21. axb5 axb5 22. a4 Ra6 23. Qe7 Nd8 24. Qxg7 bxa4 25. Ba3 Rf7 26. Bd6+ Kc8 27. Qxh6 Bc6 28. f4 Nf8 29. Bxf8 Bd7 30. Qxa6+ Nb7 31. Rfb1 Bf5 32. e6 Rc7 1-0


[Site "https://www.chess.com"]

[Event "Titled Tuesday Blitz February 22 Early 2022"]
[White "Zhigalko, Sergei"]
[Black "Ovetchkin, Roman"]
[WhiteFideId "13502956"]
[BlackFideId "4119991"]
[WhiteElo "2662"]
[BlackElo "2409"]
[Result "0-1"]
[Round "06"]
[TimeControl "180+1"]
[Date "2022.02.22"]
[WhiteClock "0:00:05"]
[BlackClock "0:00:12"]

1. e4 c6 2. d4 d5 3. e5 Bf5 4. Nf3 e6 5. Be2 Nd7 6. O-O Bg6 7. Nbd2 Nh6 8. c4 Nf5 9. a4 Bb4 10. cxd5 cxd5 11. Qb3 a5 12. Bb5 O-O 13. Nb1 Nb8 14. Bd2 Nc6 15. Bxb4 Nxb4 16. h3 Rc8 17. Nc3 Nh4 18. Ne1 Qg5 19. Rd1 Bh5 20. f3 Nf5 21. Rf2 Qe3 22. g4 Nxd4 23. Rxd4 Qxe1+ 24. Kg2 Qxe5 25. Qd1 Bg6 26. f4 Qf6 27. f5 exf5 28. Bd7 Rcd8 29. Bxf5 Bxf5 30. Rxf5 Qc6 31. Qd2 Rfe8 32. Rf2 h6 33. Qf4 Qg6 34. Kh2 Qd6 35. Kg2 Qxf4 36. Rfxf4 Re3 37. Rf2 Rd3 38. Rff4 Rxd4 39. Rxd4 Kf8 40. Kf3 Ke7 41. Rd1 d4 42. Nb5 d3 43. Ke4 Kf6 44. Nc3 Kg5 45. Kf3 Rd7 46. Kg3 Kf6 47. Kf4 Rd4+ 48. Ke3 Ke5 49. h4 Nd5+ 50. Kd2 Nxc3 51. Kxc3 Rxg4 52. Rxd3 Rxa4 53. Rd7 Rxh4 54. Rxf7 g5 55. Rxb7 a4 56. Rb5+ Kf6 57. Ra5 Rf4 58. Kd3 Kg6 59. Ke3 h5 60. Ra8 h4 61. Rh8 Kf5 62. Rh7 Kg4 63. Ra7 Rb4 64. Kd2 Kg3 65. Kc3 Rf4 66. b4 axb3 67. Ra1 g4 68. Rg1+ Kf2 0-1


[Site "https://www.chess.com"]

[Event "Titled Tuesday Blitz February 22 Early 2022"]
[White "Zhu, Jiner"]
[Black "King, Alexander"]
[WhiteFideId "8608059"]
[BlackFideId "2063620"]
[WhiteElo "2281"]
[BlackElo "2306"]
[Result "1/2-1/2"]
[Round "06"]
[TimeControl "180+1"]
[Date "2022.02.22"]
[WhiteClock "0:00:14"]
[BlackClock "0:00:08"]

1. e4 e5 2. Nf3 Nc6 3. Bb5 Nf6 4. d3 Bc5 5. Bxc6 dxc6 6. O-O Qe7 7. Nbd2 Nd7 8. Nc4 a5 9. Bg5 f6 10. Bd2 a4 11. a3 Nf8 12. Ne3 Ne6 13. Nf5 Qf7 14. c3 g6 15. Ng3 O-O 16. Be3 Rd8 17. Qe2 Nf4 18. Bxf4 exf4 19. Nh1 Bg4 20. h3 Bh5 21. d4 Bd6 22. g4 fxg3 23. fxg3 f5 24. e5 Be7 25. Nf2 Rf8 26. Kg2 Bxf3+ 27. Qxf3 Qd5 28. Nd3 g5 29. Rf2 Kg7 30. Raf1 Kg6 31. Kh2 Qxf3 32. Rxf3 b5 33. Kg2 Rad8 34. Kf2 Rd5 35. Ke3 c5 36. dxc5 Rfd8 37. Ke2 Bxc5 38. Nxc5 Rxe5+ 39. Re3 Rde8 40. Rf3 f4 41. gxf4 gxf4 42. Rxe5 Rxe5+ 43. Kd3 Rxc5 44. Rxf4 Rh5 45. h4 Rd5+ 46. Ke2 Re5+ 47. Kd3 Rd5+ 48. Ke3 Re5+ 49. Kd3 Rd5+ 1/2-1/2


[Site "https://www.chess.com"]